 Dungeon Crawl Stone Soup version 0.31.0-12-g77e489cdc1 (webtiles) character file.

Game seed: 12412278699655043802

74 zeram the Caller (level 4, -3/32 HPs)
             Began as a Gnoll Summoner on Feb 21, 2024.
             Slain by a gnoll
             ... wielding a +0 halberd
             ... led by a gnoll bouda
              (11 damage)
             ... on level 4 of the Dungeon.
             The game lasted 00:04:46 (1502 turns).

zeram the Caller (Gnoll Summoner)                   Turns: 1502, Time: 00:04:47

Health: -3/32      AC:  2    Str: 13    XL:     4   Next: 30%
Magic:  7/11       EV: 11    Int: 16    God:
Gold:   109        SH:  7    Dex: 13    Spells: 7/13 levels left

rFire   . . .        n - +2 trident (heavy)
rCold   . . .        f - +0 kite shield
rNeg    . . .        c - +0 robe
rPois   .            (no helmet)
rElec   .            (no cloak)
rCorr   .            (no gloves)
SInv    .            (no boots)
Will    .....        (no amulet)
Stlth   +++          j - +6 ring of strength
HPRegen 0.25/turn    (no ring)
MPRegen 0.12/turn

%: no passive effects
@: hasted, very quick
A: fangs 1, strong nose, distributed training
a: no special abilities


You were on level 4 of the Dungeon.
You visited 1 branch of the dungeon, and saw 3 of its levels.

You collected 109 gold pieces.

Inventory:

Hand Weapons
 d - a +0 dagger
 e - a +0 dagger of protection
 i - a +0 spear
 n - a +2 heavy trident (weapon)
Missiles
 l - a throwing net
Armour
 a - a +0 robe
 c - a +0 robe (worn)
 f - a +0 kite shield (worn)
Jewellery
 j - a +6 ring of strength (left hand)
Wands
 m - a wand of roots (9)
 o - a wand of flame (13)
Scrolls
 k - a scroll of identify
Potions
 b - a potion of magic
 h - a potion of curing
 p - a potion of heal wounds {unknown}
 q - a potion of lignification {unknown}


   Skills:
 + Level 1.1 Fighting
 + Level 1.1 Short Blades
 + Level 1.1 Long Blades
 + Level 1.1 Axes
 + Level 1.1 Maces & Flails
 + Level 1.1 Polearms
 + Level 1.1 Staves
 + Level 1.1 Ranged Weapons
 + Level 1.1 Throwing
 + Level 1.1 Armour
 + Level 4.6 Dodging
 + Level 4.2 Stealth
 + Level 1.1 Shields
 + Level 1.1 Unarmed Combat
 + Level 5.1 Spellcasting
 + Level 0.9 Conjurations
 + Level 0.9 Hexes
 + Level 7.1 Summonings
 + Level 0.9 Necromancy
 + Level 0.9 Translocations
 + Level 0.9 Fire Magic
 + Level 0.9 Ice Magic
 + Level 0.9 Air Magic
 + Level 0.9 Earth Magic
 + Level 0.9 Alchemy
 + Level 1.2 Invocations
 + Level 1.1 Evocations
 + Level 1.0 Shapeshifting


You had 7 spell levels left.
You knew the following spells:

 Your Spells              Type           Power      Damage    Failure   Level
a - Summon Small Mammal   Summ           100%       N/A       3%          1
b - Call Imp              Summ           52%        N/A       4%          2
c - Call Canine Familiar  Summ           26%        N/A       10%         3

Your spell library contained the following spells:

 Spells                   Type           Power      Damage    Failure   Level
 Summon Blazeheart Golem  Fire/Summ      17%        N/A       75%         4
 Summon Lightning Spire   Summ/Air       17%        N/A       75%         4


Dungeon Overview and Level Annotations

Branches:
Dungeon (4/15)
 Temple: D:4-7

Altars:

Shops:
D:1 =   D:2 *


Innate Abilities, Weirdness & Mutations

You have very sharp teeth.
Your uncanny sense of smell can sniff out nearby items.
Your experience applies equally to all skills.


Message History

Confirm with . or Enter, or press ? or * to list all spells.
A tiny devil pulls itself out of the air.
The gnoll shouts!
A gnoll comes into view. It is wielding a +0 halberd.
Casting: Call Imp (safe; 4% risk of failure)
Confirm with . or Enter, or press ? or * to list all spells.
A tiny devil pulls itself out of the air.
The gnoll shouts!
Your cerulean imp disappears in a puff of smoke!
Casting: Call Imp (safe; 4% risk of failure)
Confirm with . or Enter, or press ? or * to list all spells.
The gnoll hits you from afar with a +0 halberd.
Your cerulean imp barely misses the gnoll bouda.
You barely miss the gnoll bouda. The gnoll closely misses you.
The gnoll bouda hits you with a +0 whip.
Your cerulean imp hits the gnoll bouda with a -2 spear.
You block the gnoll's attack. The gnoll barely misses you.
The gnoll hits you from afar with a +0 halberd!
Your quokka bites the gnoll.
Your cerulean imp hits the gnoll bouda but does no damage.
The gnoll hits you from afar with a +0 spear.
You feel yourself speed up. You block the gnoll's attack.
The gnoll hits you from afar with a +0 halberd.
* * * LOW HITPOINT WARNING * * *
The gnoll bouda misses you.
Your cerulean imp hits the gnoll bouda but does no damage.
The gnoll barely misses you.
You swap places.
Your quokka bites the gnoll bouda.
You block the gnoll's attack. The gnoll attacks as it pursues you!
You block the gnoll's attack.
The gnoll bouda closely misses your quokka.
Your cerulean imp closely misses the gnoll bouda.
Reach: n) +2 trident (heavy)
Press: ? - help, Dir - move target, f - gnoll
Aim: a gnoll, wielding a +0 spear (moderately wounded, covering ground quickly, about 39% to evade your +2 heavy trident)
You reach to attack!
You puncture the gnoll!
You kill the gnoll!
Your quokka bites the gnoll bouda.
The gnoll hits you from afar with a +0 halberd!
You die...

#..#... #+##+ #'###..
.>... #..##.. ......
#######..#... ......
#....##..#...
......#+####........#...
#"ggg...#........##..
#.)5r...#........##..
#...@...#............
#.......+.<..........
#.......##'####......
#.............#......
########......#..##.. ∆
+......#..##..
∆#......#..+...
#......#..##..
#......#..##..


You could see a gnoll bouda (ally target), 2 gnolls, a friendly cerulean imp
(summoned) and a friendly quokka (summoned).

Vanquished Creatures
  A gnoll (D:4)
  A dart slug (D:1)
  2 bats (D:1)
  4 endoplasms (D:1)
  3 giant cockroaches
  A goblin (D:1)
  3 hobgoblins (D:1)
  2 quokkas
  2 ball pythons
  2 frilled lizards (D:1)
  3 kobolds
  3 rats
27 creatures vanquished.

Vanquished Creatures (collateral kills)
  A bombardier beetle (D:4)
  A dart slug (D:2)
  2 hobgoblins
  2 quokkas (D:1)
  A ball python (D:2)
  2 rats (D:1)
9 creatures vanquished.

Grand Total: 36 creatures vanquished

Notes
Turn   | Place    | Note
-------+----------+-------------------------------------------
     0 | D:1      | zeram the Gnoll Summoner began the quest for the Orb.
     0 | D:1      | Reached XP level 1. HP: 13/13 MP: 6/6
   128 | D:1      | Found a faded altar of an unknown god.
   222 | D:1      | Reached XP level 2. HP: 19/19 MP: 7/7
   427 | D:1      | Found Emihuo Uceu's Jewellery Emporium.
   578 | D:1      | Reached skill level 5 in Spellcasting
   578 | D:1      | Reached XP level 3. HP: 17/25 MP: 7/9
   929 | D:1      | Learned a level 2 spell: Call Imp
   933 | D:1      | Learned a level 3 spell: Call Canine Familiar
  1022 | D:2      | Found Goigebb's Assorted Antiques.
  1049 | D:2      | Reached skill level 1 in Invocations
  1138 | D:2      | Identified the +3 leather armour of Sorentix {Fly rF+
                  | rCorr}
  1265 | D:2      | You fall into a shaft and drop 2 floors!
  1449 | D:4      | Reached skill level 1 in Fighting
  1449 | D:4      | Reached skill level 1 in Short Blades
  1449 | D:4      | Reached skill level 1 in Long Blades
  1449 | D:4      | Reached skill level 1 in Axes
  1449 | D:4      | Reached skill level 1 in Maces & Flails
  1449 | D:4      | Reached skill level 1 in Polearms
  1449 | D:4      | Reached skill level 1 in Staves
  1449 | D:4      | Reached skill level 1 in Ranged Weapons
  1449 | D:4      | Reached skill level 1 in Throwing
  1449 | D:4      | Reached skill level 1 in Armour
  1449 | D:4      | Reached skill level 1 in Shields
  1449 | D:4      | Reached skill level 1 in Unarmed Combat
  1449 | D:4      | Reached skill level 1 in Evocations
  1449 | D:4      | Reached skill level 1 in Shapeshifting
  1449 | D:4      | Reached XP level 4. HP: 29/32 MP: 8/11
  1502 | D:4      | Slain by a gnoll

Illustrated notes

Levels and vault maps discovered:
D:1:      heliophobic_arrival_glass_houses, layout_loops_cross, serial_shops,
          nicolae_shop_crystal, hellmonk_ecumenical_altar_arch_garden,
          st_stairs_1, minmay_vboxes
D:2:      layout_rooms, basic_altar, serial_shops, shop, shop, shop,
          dreamdust_princess_corridor, chequers_decorated_corner,
          uniq_crazy_yiuf_cottage
D:4:      layout_gridville, chequers_temple_overflow_minitemple

Skill      XL: |  1  2  3 |
---------------+----------+-----
Spellcasting   | 5 |  5.1
Invocations    | 1 |  1.2
Fighting       | 1 |  1.1
Short Blades   | 1 |  1.1
Long Blades    | 1 |  1.1
Axes           | 1 |  1.1
Maces & Flails | 1 |  1.1
Polearms       | 1 |  1.1
Staves         | 1 |  1.1
Ranged Weapons | 1 |  1.1
Throwing       | 1 |  1.1
Armour         | 1 |  1.1
Shields        | 1 |  1.1
Unarmed Combat | 1 |  1.1
Evocations     | 1 |  1.1
Shapeshifting  | 1 |  1.0
Dodging        | |  4.6
Stealth        | |  4.2
Conjurations   | |  0.9
Hexes          | |  0.9
Summonings     | |  7.1
Necromancy     | |  0.9
Translocations | |  0.9
Fire Magic     | |  0.9
Ice Magic      | |  0.9
Air Magic      | |  0.9
Earth Magic    | |  0.9
Alchemy        | |  0.9

Action                     |  1- 3 |  4- 6 || total
---------------------------+-------+-------++-------
  Melee: Unarmed           |    40 |       ||    40
         Dagger            |    74 |       ||    74
         Bite              |     9 |       ||     9
         Spear             |    30 |       ||    30
         Trident           |     6 |     2 ||     8
   Cast: Summon Small Mamm |    10 |     1 ||    11
         Call Imp          |     2 |     2 ||     4
    Use: Scroll            |     4 |       ||     4
         Potion            |       |     1 ||     1
   Stab: Sleeping          |     9 |       ||     9
 Armour: Robe              |    61 |     6 ||    67
  Dodge: Dodged            |    98 |     4 ||   102
  Block: Kite shield       |    29 |     4 ||    33
